 Dungeon Crawl Stone Soup version 0.17.0-27-g4a3f43e (console) character file.

40 gw the Skirmisher (level 3, 0/29 HPs)
             Began as a Demonspawn Fighter on Nov 21, 2015.
             Slain by a ball python (1 damage)
             ... on level 2 of the Dungeon.
             The game lasted 00:01:18 (1897 turns).

gw the Skirmisher (Demonspawn Fighter)              Turns: 1897, Time: 00:01:18

Health: 0/29       AC:  6    Str: 21    XL:     3   Next: 30%
Magic:  3/3        EV:  4    Int:  9    God:
Gold:   85         SH:  9    Dex: 13    Spells: 0 memorised, 2 levels left

rFire  . . .     SeeInvis .     a - +0 flail
rCold  . . .     Clarity  .     b - +0 scale mail
rNeg   + . .     SustAt   .     c - +0 shield
rPois  .         Gourm    .     (no helmet)
rElec  .         Spirit   .     (no cloak)
rCorr  .         Warding  .     (no gloves)
rMut   .         Stasis   .     (no boots)
MR     .....                    (no amulet)
Stlth  ..........               (no ring)
                                f - ring of positive energy

@: mighty, lethally poisoned (0 -> -6), constricted, not resistant to hostile
enchantments, extremely unstealthy
A: claws 1
a: no special abilities


You were on level 2 of the Dungeon.
You were not hungry.

You visited 1 branch of the dungeon, and saw 2 of its levels.

You collected 85 gold pieces.

Inventory:

Hand Weapons
 a - a +0 flail (weapon)
Missiles
 h - 48 stones (quivered)
 k - 4 poisoned needles
Armour
 b - a +0 scale mail (worn)
 c - a +0 shield (worn)
Jewellery
 f - a ring of positive energy (left claw)
Scrolls
 j - 2 scrolls of identify {unknown}
 n - a scroll of remove curse {unknown}
Potions
 l - a potion of degeneration {unknown}
Comestibles
 e - 3 bread rations
 g - a royal jelly
 m - a meat ration


   Skills:
 + Level 3.2 Fighting
 * Level 2.2 Maces & Flails
 + Level 1.0 Throwing
 + Level 2.9 Armour
 + Level 3.0 Shields


You had 2 spell levels left.
You didn't know any spells.

Dungeon Overview and Level Annotations

Branches:
Dungeon (2/15)

Altars:


Innate Abilities, Weirdness & Mutations

You have sharp fingernails.


Message History

You are lethally poisoned!
The adder poisons you!
ATTACK MOVE TO (0,-1)
You barely miss the adder.
The adder is moderately wounded.
You feel sick. You block the adder's attack. The ball python barely misses you.
The ball python constricts you.
ATTACK MOVE TO (0,-1)
You miss the adder.
The adder is moderately wounded.
You feel sick. The adder bites you but does no damage.
The ball python bites you but does no damage.
The ball python constricts you. The adder barely misses you.
The ball python bites you but does no damage.
The ball python constricts you.
ATTACK MOVE TO (0,-1)
You closely miss the adder.
The adder is moderately wounded.
You feel sick. The adder bites you. The ball python bites you.
You die...

.... ###### .... #..... #...
####.#### .. #..# ###.......#
#(###..# # #.)........ ##
.(..!.##.# #.#.##...## ..>
#.)SS..# #.#......## ..>. .#
##6## #.#..#..... )..#####. #...#
#.#..##..## .# ..#..
#...#####........# # #.#.#
#..............### ####...#
#####....###.........#
......#####..................#.##
####......)%.................#...
##....#.###..................####
##.#.#.## ###.#.....##.......#


You could see an adder and a ball python.

Table legend:
 A = Turns spent in this place as a percentage of turns spent in the entire game.
 B = Non-inter-level travel turns spent in this place as a percentage of non-inter-level travel turns spent in the entire game.
 C = Inter-level travel turns spent in this place as a percentage of turns spent in this place.
 D = Turns resting spent in this place as a percentage of non-inter-level travel turns spent in this place.
 E = Turns spent auto-exploring this place as a percentage of non-inter-level travel turns spent in this place.
 F = Non-inter-level travel turns spent in this place divided by the number of levels of this place that you've seen.
                   A       B       C       D       E      F
               +-------+-------+-------+-------+-------+----------------------
         Total | 100.0 | 100.0 |   0.2 |   1.0 |   2.1 | 1215.0
       Dungeon | 100.0 | 100.0 |   0.2 |   1.0 |   2.1 | 1215.0
               +-------+-------+-------+-------+-------+----------------------

Table legend:
 A = Kills in this place as a percentage of kills in entire the game.
 B = Kills by you in this place as a percentage of kills by you in the entire game.
 C = Kills by friends in this place as a percentage of kills by friends in the entire game.
 D = Other kills in this place as a percentage of other kills in the entire game.
 E = Experience gained in this place as a percentage of experience gained in the entire game.
 F = Experience gained in this place divided by the number of levels of this place that you have seen.
                   A       B       C       D       E      F
               +-------+-------+-------+-------+-------+----------------------
         Total | 100.0 | 100.0 |  -nan |  -nan | 100.0 |  29.0
       Dungeon | 100.0 | 100.0 |  -nan |  -nan | 100.0 |  29.0
               +-------+-------+-------+-------+-------+----------------------

Vanquished Creatures
  3 oozes
  A giant gecko (D:2)
  4 goblins
  2 hobgoblins
  3 jackals (D:1)
  A ball python (D:1)
  6 bats
  A giant newt (D:2)
  3 kobolds (D:1)
  2 rats (D:2)
26 creatures vanquished.

Notes
Turn   | Place    | Note
--------------------------------------------------------------
     0 | D:1      | gw the Demonspawn Fighter began the quest for the Orb.
     0 | D:1      | Reached XP level 1. HP: 18/18 MP: 1/1
   335 | D:1      | Gained mutation: You have sharp fingernails. [demonic ancestry]
   335 | D:1      | Reached XP level 2. HP: 21/24 MP: 2/2
  1159 | D:2      | Reached skill level 1 in Throwing
  1159 | D:2      | Reached XP level 3. HP: 14/29 MP: 3/3
  1897 | D:2      | HP: 1/29 [ball python (1)]
  1897 | D:2      | Slain by a ball python

Action                   || total
-------------------------++-------
Melee: Flail             ||   114
Throw: Stone             ||    42
       Javelin           ||    10
  Use: Potion            ||     4
       Scroll            ||     3
  Eat: Chunk             ||     3

Vault maps used:
D:1:      dpeg_arrival_simpleton_c
D:2:      first_bread, uniq_robin
